 Dungeon Crawl Stone Soup version 0.28-a0-987-g8383568036 (webtiles) character file.

Game seed: 6709785624340681877

1684 AarnesTheHuman the Gusty (level 8, -2/41 HPs)
             Began as a Deep Elf Air Elementalist on Dec 4, 2021.
             Was a Believer of Yredelemnul.
             Killed from afar by an electric eel (5 damage)
             ... with a bolt of electricity
             ... on level 6 of the Dungeon.
             The game lasted 00:22:27 (7262 turns).

AarnesTheHuman the Gusty (DEAE)                     Turns: 7262, Time: 00:22:28

Health: -2/41      AC: 14    Str:  5    XL:     8   Next: 71%
Magic:  20/20      EV: 11    Int: 23    God:    Yredelemnul [**....]
Gold:   282        SH:  0    Dex: 15    Spells: 14/21 levels left

rFire   . . .      SeeInvis .   b - +1 dagger
rCold   . . .      Faith    .   (no shield)
rNeg    . . .      Spirit   .   k - +0 leather armour
rPois   .          Reflect  .   q - +1 hat
rElec   .          Harm     .   e - scarf {repulsion}
rCorr   .          Rampage  .   h - +0 pair of gloves
Will    .....                   f - +0 pair of boots
Stlth   ++........              r - amulet of regeneration
HPRegen 0.93/turn               j - +4 ring of protection
MPRegen 0.17/turn               d - +4 ring of protection

@: studying Shields, repel missiles
A: no striking features
a: Renounce Religion, Animate Remains, Recall Undead Slaves, Injury Mirror


You were on level 6 of the Dungeon.
You worshipped Yredelemnul.
Yredelemnul was pleased with you.
You visited 1 branch of the dungeon, and saw 6 of its levels.
You also visited: Sewer.

You collected 282 gold pieces.

Inventory:

Hand Weapons
 b - a +1 dagger (weapon)
 y - a +2 whip of venom
Missiles
 c - 223 stones
 s - 32 poisoned darts
Armour
 a - a +0 robe
 e - a scarf of repulsion (worn)
 f - a +0 pair of boots (worn)
 h - a +0 pair of gloves (worn)
 k - a +0 leather armour (worn)
 q - a +1 hat (worn)
Jewellery
 d - a +4 ring of protection (right hand)
 j - a +4 ring of protection (left hand)
 r - an amulet of regeneration (around neck)
 v - a ring of ice
 w - a ring of protection from cold
 E - a ring of positive energy
Wands
 m - a wand of paralysis (10)
 t - a wand of flame (39)
Scrolls
 g - 3 scrolls of teleportation
 n - 3 scrolls of enchant weapon
 p - 2 scrolls of identify
 B - a scroll of silence {unknown}
 C - a scroll of vulnerability {unknown}
Potions
 i - a potion of lignification
 l - 3 potions of brilliance
 o - a potion of heal wounds
 u - a potion of curing
 x - a potion of cancellation
 z - 2 potions of flight
 A - a potion of berserk rage {unknown}
 D - a potion of degeneration {unknown}
 F - a potion of might {unknown}


   Skills:
 + Level 0.1 Fighting
 + Level 0.4 Short Blades
 - Level 1.1 Armour
 - Level 2.4 Dodging
 - Level 2.4 Stealth
 + Level 7.2 Spellcasting
 + Level 4.9 Conjurations
 * Level 7.7 Air Magic
 - Level 5.0 Invocations


You had 14 spell levels left.
You knew the following spells:

 Your Spells              Type           Power      Damage    Failure   Level
a - Shock                 Conj/Air       100%       1d9       1%          1
b - Static Discharge      Conj/Air       37%        N/A       1%          2
c - Airstrike             Air            22%        N/A       4%          4

Your spell library contained the following spells:

 Spells                   Type           Power      Damage    Failure   Level
 Swiftness                Air            44%        N/A       1%          3
 Corpse Rot               Necr/Air       52%        N/A       3%          2
 Poisonous Vapours        Pois/Air       52%        N/A       3%          2
 Beastly Appendage        Tmut           16%        N/A       12%         1
 Wereblood                Tmut           8%         N/A       19%         2
 Portal Projectile        Hex/Tloc       16%        N/A       36%         3
 Spider Form              Tmut/Pois      8%         N/A       36%         3
 Blade Hands              Tmut           4%         N/A       98%         5
 Excruciating Wounds      Necr           4%         N/A       98%         5


Dungeon Overview and Level Annotations

Branches:
Dungeon (6/15)             Temple (0/1) D:5           Sewer (visited)

Altars:
Cheibriados
Fedhas
Qazlal
Yredelemnul

Annotations:
D:4 exclusion: oklob plant


Message History

You see here 26 sling bullets.
You start resting.
HP restored.
You swap places.
You see here 26 sling bullets.
The electric eel shoots out a bolt of lightning at you!
The bolt of electricity misses you.
The electric eel shoots out a bolt of lightning at you!
The bolt of electricity hits you.
The electric eel shoots out a bolt of lightning at you!
The bolt of electricity hits you! x2
The bolt of electricity hits the electric eel.
The electric eel completely resists.
You closely miss the electric eel.
The electric eel shoots out a bolt of lightning at you!
The bolt of electricity hits you!
* * * LOW HITPOINT WARNING * * *
You miss the electric eel.
Duvessa closely misses the electric eel.
You completely miss the electric eel.
The electric eel shoots out a bolt of lightning at you!
The bolt of electricity hits you.
* * * LOW HITPOINT WARNING * * *
Duvessa closely misses the electric eel.
You hit the electric eel.
The electric eel is lightly wounded.
The electric eel shoots out a bolt of lightning at you!
The bolt of electricity is repelled.
You closely miss the electric eel.
The electric eel is lightly wounded.
The electric eel shoots out a bolt of lightning at you!
The bolt of electricity hits you!
* * * LOW HITPOINT WARNING * * *
Duvessa barely misses the electric eel.
You hit the electric eel.
The electric eel is moderately wounded.
The electric eel shoots out a bolt of lightning at you!
The bolt of electricity hits you.
You die...
Your body rises from the dead as a mindless zombie.

#≈≈≈≈≈≈≈# #≈≈≈≈≈≈≈#
#≈≈≈≈≈≈≈# #≈≈≈≈≈≈≈#
###########
#≈≈≈≈≈≈≈#####≈≈≈≈≈≈≈≈≈≈
#≈≈≈≈≈≈≈≈≈≈≈≈≈≈≈≈≈≈≈≈≈≈
#≈≈≈≈≈≈≈≈≈≈≈≈≈≈≈≈≈≈≈≈≈≈
#≈≈≈≈≈@S.≈≈≈≈..≈..≈≈≈.≈
#......Z...............
#......................
####...##...#.#..##..##
###.(....#....##.###
######.###..##.... #.#
#..###### #.# #..# #.#
#..#


You could see an electric eel (ally target) and the friendly Duvessa the elf
zombie.

Vanquished Creatures
  A water moccasin (D:6)
  Duvessa (D:6)
  A necrophage (D:4)
  4 ogres
  2 bullfrogs (Sewer)
  2 scorpions
  A water moccasin skeleton (D:5)
  An electric eel (D:6)
  A centaur skeleton (D:5)
  2 orc priests (D:5)
  A hound (D:4)
  A bullfrog skeleton (D:5)
  2 iguanas
  5 orc wizards
  A hound skeleton (D:4)
  8 adders
  2 worms
  2 dart slugs (D:2)
  16 orcs
  14 endoplasms
  16 giant cockroaches
  3 goblins
  7 hobgoblins
  4 jackals (D:4)
  18 kobolds
  11 quokkas
  11 ball pythons
  4 bats
  8 frilled lizards
  7 rats
157 creatures vanquished.

Vanquished Creatures (collateral kills)
  A black bear (D:6)
  Dowan (D:6)
2 creatures vanquished.

Vanquished Creatures (others)
  A black bear zombie (D:6)
  An ogre zombie (D:6)
  An iguana zombie (D:6)
  2 orc zombies (D:6)
  10 toadstools (D:4)
15 creatures vanquished.

Grand Total: 174 creatures vanquished

Notes
Turn   | Place    | Note
-------+----------+-------------------------------------------
     0 | D:1      | AarnesTheHuman the Deep Elf Air Elementalist began the
                  | quest for the Orb.
     0 | D:1      | Reached XP level 1. HP: 10/10 MP: 6/6
   348 | D:1      | Reached XP level 2. HP: 15/15 MP: 2/8
   361 | D:1      | Found a faded altar of an unknown god.
  1257 | D:2      | Found a basalt altar of Yredelemnul.
  1266 | D:2      | Became a worshipper of Yredelemnul the Dark
  1418 | D:2      | Reached XP level 3. HP: 19/19 MP: 6/9
  1421 | D:2      | Learned a level 2 spell: Static Discharge
  1937 | D:2      | Reached skill level 1 in Invocations
  2271 | D:3      | Reached * piety under Yredelemnul
  2294 | D:3      | Found a snail-covered altar of Cheibriados.
  2309 | D:3      | Reached XP level 4. HP: 24/24 MP: 5/11
  2328 | D:3      | Found a glowing drain.
  2339 | Sewer    | Entered a sewer
  3139 | Sewer    | Noticed a bullfrog
  3146 | Sewer    | Reached XP level 5. HP: 28/28 MP: 9/12
  3184 | Sewer    | Reached skill level 5 in Air Magic
  3266 | Sewer    | Reached XP level 6. HP: 16/32 MP: 2/14
  3430 | Sewer    | Reached ** piety under Yredelemnul
  3535 | D:3      | Reached skill level 1 in Armour
  4743 | D:4      | Reached XP level 7. HP: 35/36 MP: 8/16
  4828 | D:4      | Reached skill level 5 in Spellcasting
  5189 | D:4      | Found a blossoming altar of Fedhas.
  5209 | D:4      | Noticed an oklob plant
  5567 | D:5      | Entered Level 5 of the Dungeon
  5911 | D:5      | Found a staircase to the Ecumenical Temple.
  6127 | D:5      | Reached XP level 8. HP: 35/41 MP: 11/19
  6401 | D:6      | Found a stormy altar of Qazlal.
  6427 | D:6      | Learned a level 4 spell: Airstrike
  6895 | D:6      | Noticed Dowan
  6901 | D:6      | Noticed Duvessa
  6902 | D:6      | Killed Dowan
  6919 | D:6      | Killed Duvessa
  7214 | D:6      | Reached skill level 5 in Invocations
  7261 | D:6      | HP: 2/41 [electric eel/bolt of electricity (8)]
  7262 | D:6      | Killed from afar by an electric eel

Illustrated notes

Levels and vault maps discovered:
D:1:      psy_arrival_fountain, layout_loops_corners,
          shapermc_ecumenical_altar_acropolis
D:2:      layout_basic, basic_altar, minmay_misc_feat_secret_circle
D:3:      layout_basic, overflow_temple_1_default, gup_sewer_entry_bubbles,
          kennysheep_generic_room_15
D:4:      layout_cave_pools, tgw_fedhas
D:5:      layout_cave_pools, temple_pool_b
D:6:      minmay_goblin_kobold_castle, layout_loops_ring,
          grunt_temple_overflow_open, nicolae_qazlal_general_emergency,
          uniq_duvessa, uniq_edmund

Skill      XL: |  1  2  3  4  5  6  7  8 |
---------------+-------------------------+-----
Air Magic      | 4 5 6 7 |  7.7
Invocations    | 1 2 3 4 5 |  5.0
Spellcasting   | 4 6 7 |  7.2
Conjurations   | 2 3 4 |  4.9
Armour         | 1 |  1.1
Fighting       | |  0.1
Short Blades   | |  0.4
Dodging        | |  2.4
Stealth        | |  2.4

Action                   |  1- 3 |  4- 6 |  7- 9 || total
-------------------------+-------+-------+-------++-------
Melee: Dagger            |     9 |     8 |    24 ||    41
 Cast: Shock             |    88 |   157 |   115 ||   360
       Static Discharge  |       |     4 |    12 ||    16
Invok: Animate Remains   |       |       |     7 ||     7
  Use: Scroll            |     4 |     4 |     3 ||    11
 Stab: Distracted        |       |       |     1 ||     1
Armor: Robe              |     1 |       |       ||     1
       Leather armour    |     2 |    18 |    24 ||    44
Dodge: Dodged            |    11 |    17 |    26 ||    54
       Repelled          |       |     1 |     2 ||     3

Table legend: (Time is in decaauts)
 A = Elapsed time spent in this place.
 B = Non-inter-level travel time spent in this place.
 C = Inter-level travel time spent in this place.
 D = Time resting spent in this place.
 E = Time spent auto-exploring this place.
 F = Levels seen in this place.
 G = Mean time per level.
                   A        B        C        D        E       F      G
               +--------+--------+--------+--------+--------+-----+--------+
         Total |   7360 |   6925 |    435 |   1625 |   3992 |   7 | 1051.4 |
       Dungeon |   6171 |   5736 |    435 |    932 |   3800 |   6 | 1028.5 |
         Sewer |   1189 |   1189 |      0 |    693 |    191 |   1 | 1189.0 |
               +--------+--------+--------+--------+--------+-----+--------+

Top non-repeatable levels by time:
     D:1: 1237 daAuts
     D:4: 1198 daAuts
   Sewer: 1189 daAuts
     D:3: 1112 daAuts
     D:2: 997 daAuts
     D:6: 876 daAuts
     D:5: 749 daAuts
